Flames vs Penguins

Created - May-05-14 at 19:20

Goals
1 2 3 T
Flames 2 2 0 4
Penguins 3 0 0 3
Shots
1 2 3 T
Flames 9 8 8 25
Penguins 14 7 6 27

1st period

1. Penguins , John Tavares 11 (Andrew Ladd, Kris Letang) at 5:39
2. Penguins , Kris Letang 5 (Gabriel Landeskog) at 9:02 (PP)
3. Penguins , Andrew Ladd 6 (Ryan Suter, Kris Letang) at 10:35
4. Flames , Andrew MacDonald 2 (Michael Grabner, Ryan Kesler) at 11:17
5. Flames , Jeff Skinner 6 (Jack Johnson, Anze Kopitar) at 11:36

Penalties :
Sam Gagner (CGY) for Roughing (Minor) at 1:42, Bryce Salvador (CGY) for Hooking (Minor) at 7:07, Ryan Kesler (CGY) for Hooking (Minor) at 18:46

2nd period

6. Flames , Ryan Kesler 9 (Michael Ryder, Ladislav Smid) at 5:03
7. Flames , Toni Lydman 4 (Mike Cammalleri, Erik Johnson) at 18:37

Penalties :
Brendan Gallagher (PIT) for Slashing (Minor) at 1:00, Toni Lydman (CGY) for Holding (Minor) at 16:11

3rd period

No Goal

Penalties :
Ladislav Smid (CGY) for Slashing (Minor) at 6:42, Dustin Brown (CGY) for High sticking (Minor) at 10:07, David Perron (PIT) for Interference (Minor) at 13:39

Goalie Stats

Jonathan Quick (CGY), 24 saves from 27 shots - (0.889), W, 13-3-1, 60:00 minutes
Marc-Andre Fleury (PIT), 21 saves from 25 shots - (0.840), L, 12-8-1, 59:41 minutes

Players Stats for Flames

Player Name              G  A  P  +/- PIM S  H  SB GA TA FO     MP     PP MP  PK MP  
------------------------------------------------------------------------------------
Andrew MacDonald         1  0  1   0  0   1  1  0  0  0  0/0    23:51   1:39   5:06 
Anze Kopitar             0  1  1   1  0   4  1  0  0  0  9/16   15:28   1:39   0:16 
Bryce Salvador           0  0  0   0  2   1  1  1  0  0  0/0    21:56   0:00   4:04 
Dustin Brown             0  0  0   1  2   1  2  0  0  0  0/1    21:07   1:39   5:16 
Erik Johnson             0  1  1   0  0   1  1  1  0  0  0/0    16:50   2:19   2:16 
Jack Johnson             0  1  1   2  0   0  0  1  0  0  0/0    22:11   1:39   6:28 
Jeff Skinner             1  0  1   1  0   1  0  0  0  0  0/1    17:10   1:39   1:58 
Ladislav Smid            0  1  1   2  2   0  4  0  0  0  0/0    19:57   0:00   5:07 
Michael Grabner          0  1  1   2  0   2  0  0  0  0  1/1    19:19   2:19   4:30 
Michael Ryder            0  1  1   2  0   5  1  0  0  0  1/1    14:49   2:19   0:00 
Mike Cammalleri          0  1  1   0  0   2  1  0  0  0  4/9     9:36   0:00   0:00 
Pierre-Marc Bouchard     0  0  0  -1  0   0  0  0  0  0  0/1     8:46   0:00   0:13 
Radek Dvorak             0  0  0   0  0   0  1  0  0  0  0/0     9:36   0:00   0:00 
Ryan Kesler              1  1  2   2  2   1  2  0  0  0  10/19  14:48   2:19   0:00 
Sam Gagner               0  0  0   0  2   0  2  0  0  0  0/0     8:55   0:00   0:00 
Shawn Horcoff            0  0  0  -1  0   2  0  0  0  0  6/17   14:05   0:00   5:32 
Tomas Kopecky            0  0  0  -1  0   0  0  1  0  0  3/7    14:44   0:00   6:11 
Toni Lydman              1  0  1   0  2   4  0  1  0  0  0/0    14:56   2:19   0:23 

Players Stats for Penguins

Player Name              G  A  P  +/- PIM S  H  SB GA TA FO     MP     PP MP  PK MP  
------------------------------------------------------------------------------------
Alexander Steen          0  0  0  -2  0   1  1  0  0  0  2/4    21:00   5:06   0:07 
Andrew Ladd              1  1  2   2  0   3  2  0  0  0  0/2    21:25   6:44   0:07 
Barret Jackman           0  0  0  -1  0   0  2  0  0  0  0/0    12:35   0:00   1:33 
Brandon Saad             0  0  0  -1  0   2  0  0  0  0  0/0    10:59   0:00   1:16 
Brendan Gallagher        0  0  0  -1  2   2  0  1  0  0  0/3    14:48   5:06   0:00 
David Moss               0  0  0  -1  0   1  0  0  0  0  0/0     6:43   0:00   2:35 
David Perron             0  0  0  -2  2   0  3  0  0  0  0/0    15:46   0:00   0:00 
Ed Jovanovski            0  0  0   0  0   0  0  0  0  0  0/0     2:15   0:00   0:00 
Gabriel Landeskog        0  1  1   2  0   0  3  0  0  0  2/2    21:18   6:44   0:00 
John Tavares             1  0  1   2  0   4  0  1  0  0  10/18  21:18   6:44   0:00 
Kris Letang              1  2  3   0  0   3  5  0  0  0  0/0    22:49   6:43   0:00 
Matt Hunwick             0  0  0  -1  0   0  0  0  0  0  0/0    13:17   0:00   0:00 
Ruslan Fedotenko         0  0  0  -1  0   0  1  0  0  0  1/1     4:08   0:00   0:00 
Ryan Getzlaf             0  0  0  -2  0   4  4  0  0  0  13/22  22:09   5:06   1:16 
Ryan Suter               0  1  1   0  0   3  1  2  0  0  0/0    24:22   6:43   1:33 
Stephane Robidas         0  0  0  -1  0   4  3  1  0  0  0/0    22:21   5:07   2:25 
Stephen Weiss            0  0  0  -2  0   0  0  0  0  0  11/21  16:26   0:00   2:35 
Victor Hedman            0  0  0  -1  0   0  0  1  0  0  0/0    22:21   5:07   2:25 

3 Stars

1 - Kris Letang (PIT)
2 - Andrew Ladd (PIT)
3 - Ryan Kesler (CGY)

Power Play

Flames - 0 on 2 Attempt(s) - 0.00%
Penguins - 1 on 6 Attempt(s) - 16.67%

Penalty Kill

Flames - 5 on 6 Attempt(s) - 83.33% - Score 0 goal in Penalty Kill
Penguins - 2 on 2 Attempt(s) - 100.00% - Score 0 goal in Penalty Kill

Official

Referees : Dennis LaRue and Ghislain Hebert
Linesman : Brad Kovachik and Lonnie Cameron

Game Notes

No Game Note

Finance

Level 1 -- Attendance: 6500 (100.00%) -- Ticket Income $845,000
Level 2 -- Attendance: 5000 (100.00%) -- Ticket Income $465,000
Level 3 -- Attendance: 3500 (100.00%) -- Ticket Income $248,500
Level 4 -- Attendance: 2087 (100.00%) -- Ticket Income $112,698
Luxury Box -- Attendance: 1000 (100.00%) -- Ticket Income $231,000
Game was played at the Consol Energy Center
Total Attendance: 18087 (100.00%)
Total Ticket Income: $1,902,198
Other Income: $285,330
Total Income: $2,187,528


% Time on Ice - Flames

Lines # - Real PCT - Wanted PCT - Time Play
Normal Forward
1 - 31% - 30% - 13:33
2 - 29% - 30% - 12:30
3 - 21% - 20% - 8:56
4 - 20% - 20% - 8:33
Normal Defense
1 - 26% - 30% - 11:28
2 - 32% - 30% - 14:04
3 - 28% - 20% - 12:15
4 - 13% - 20% - 5:45
PP Forward
1 - 42% - 50% - 1:39
2 - 58% - 50% - 2:19
PP Defense
1 - 42% - 50% - 1:39
2 - 58% - 50% - 2:19
PK Forward
1 - 52% - 50% - 6:11
2 - 48% - 50% - 5:39
PK Defense
1 - 43% - 50% - 5:06
2 - 57% - 50% - 6:44
PK3 Forward
1 - 0% - 60%
2 - 0% - 40%
PK3 Defense
1 - 0% - 50%
2 - 0% - 50%
44 Forward
1 - 0% - 50%
2 - 0% - 50%
44 Defense
1 - 0% - 50%
2 - 0% - 50%
Last Minute Offensive  - 0:00
Last Minute Defensive  - 0:40
Total
Forward - 60:00
Defense - 60:00

% Time on Ice - Penguins

Lines # - Real PCT - Wanted PCT - Time Play
Normal Forward
1 - 32% - 33% - 14:04
2 - 36% - 33% - 15:47
3 - 22% - 24% - 9:43
4 - 9% - 10% - 4:08
Normal Defense
1 - 37% - 38% - 16:06
2 - 34% - 38% - 14:49
3 - 24% - 20% - 10:32
4 - 5% - 4% - 2:15
PP Forward
1 - 57% - 55% - 6:44
2 - 43% - 45% - 5:06
PP Defense
1 - 57% - 75% - 6:43
2 - 43% - 25% - 5:07
PK Forward
1 - 68% - 60% - 2:42
2 - 32% - 40% - 1:16
PK Defense
1 - 61% - 70% - 2:25
2 - 39% - 30% - 1:33
PK3 Forward
1 - 0% - 55%
2 - 0% - 45%
PK3 Defense
1 - 0% - 55%
2 - 0% - 45%
44 Forward
1 - 0% - 55%
2 - 0% - 45%
44 Defense
1 - 0% - 55%
2 - 0% - 45%
Last Minute Offensive  - 0:30
Last Minute Defensive  - 0:00
Total
Forward - 60:00
Defense - 60:00

Play by Play

1st period


0:01 of 1st period - Anze Kopitar wins face-off versus John Tavares in neutral zone.
0:01 of 1st period - Anze Kopitar is hit by Gabriel Landeskog.
0:12 of 1st period - Anze Kopitar is hit by Kris Letang and loses puck.
0:27 of 1st period - Shot by John Tavares.
0:27 of 1st period - Stopped by Jonathan Quick without a rebound.
0:28 of 1st period - Ryan Kesler wins face-off versus Ryan Getzlaf in Flames zone.
0:28 of 1st period - Ryan Kesler is hit by Ryan Getzlaf.
0:53 of 1st period - Ryan Kesler is hit by Stephane Robidas and loses puck.
1:42 of 1st period - Minor Penalty to Sam Gagner for Roughing.
1:43 of 1st period - John Tavares wins face-off versus Tomas Kopecky in Flames zone.
1:58 of 1st period - Shot by Gabriel Landeskog.
1:58 of 1st period - Shot Misses the Net.
2:00 of 1st period - Shot by Ryan Suter.
2:00 of 1st period - Stopped by Jonathan Quick with a rebound.
2:49 of 1st period - Shot by Michael Grabner.
2:49 of 1st period - Shot Misses the Net.
4:10 of 1st period - Shot by Mike Cammalleri.
4:10 of 1st period - Stopped by Marc-Andre Fleury without a rebound.
4:11 of 1st period - Ryan Getzlaf wins face-off versus Anze Kopitar in Penguins zone.
5:37 of 1st period - Shot by Andrew Ladd.
5:37 of 1st period - Shot Misses the Net.
5:39 of 1st period - Shot by John Tavares.
5:39 of 1st period - Goal by John Tavares - Flames : 0 - Penguins : 1.
5:40 of 1st period - Stephen Weiss wins face-off versus Ryan Kesler in neutral zone.
5:55 of 1st period - Shot by Brendan Gallagher.
5:55 of 1st period - Shot Misses the Net.
5:57 of 1st period - Shot by Victor Hedman.
5:57 of 1st period - Deflect By Brendan Gallagher.
5:57 of 1st period - Stopped by Jonathan Quick without a rebound.
5:58 of 1st period - Anze Kopitar wins face-off versus Stephen Weiss in Flames zone.
5:58 of 1st period - Anze Kopitar is hit by Ruslan Fedotenko.
6:23 of 1st period - Off-side.
6:24 of 1st period - Ryan Kesler wins face-off versus John Tavares in neutral zone.
6:27 of 1st period - Shot by Michael Ryder.
6:27 of 1st period - Stopped by Marc-Andre Fleury without a rebound.
6:28 of 1st period - Michael Ryder wins face-off versus John Tavares in Penguins zone.
6:37 of 1st period - Shot by Michael Grabner.
6:37 of 1st period - Stopped by Marc-Andre Fleury without a rebound.
6:38 of 1st period - Stephen Weiss wins face-off versus Mike Cammalleri in Penguins zone.
6:38 of 1st period - Stephen Weiss is hit by Sam Gagner.
7:07 of 1st period - Minor Penalty to Bryce Salvador for Hooking.
7:08 of 1st period - Tomas Kopecky wins face-off versus John Tavares in Flames zone.
7:45 of 1st period - Shot by Ryan Suter.
7:45 of 1st period - Shot Blocked by Erik Johnson.
7:53 of 1st period - Shot by John Tavares.
7:53 of 1st period - Stopped by Jonathan Quick without a rebound.
7:54 of 1st period - Shawn Horcoff wins face-off versus Brendan Gallagher in Flames zone.
9:02 of 1st period - Shot by Kris Letang.
9:02 of 1st period - Goal by Kris Letang - Flames : 0 - Penguins : 2.
9:03 of 1st period - Mike Cammalleri wins face-off versus Stephen Weiss in neutral zone.
10:35 of 1st period - Shot by Andrew Ladd.
10:35 of 1st period - Goal by Andrew Ladd - Flames : 0 - Penguins : 3.
10:36 of 1st period - Ryan Getzlaf wins face-off versus Ryan Kesler in neutral zone.
11:03 of 1st period - Shot by Alexander Steen.
11:03 of 1st period - Deflect By Ryan Getzlaf.
11:03 of 1st period - Stopped by Jonathan Quick with a rebound.
11:12 of 1st period - Michael Grabner is hit by Stephane Robidas and loses puck.
11:15 of 1st period - Shot by Michael Grabner.
11:15 of 1st period - Shot Misses the Net.
11:17 of 1st period - Shot by Andrew MacDonald.
11:17 of 1st period - Goal by Andrew MacDonald - Flames : 1 - Penguins : 3.
11:18 of 1st period - Stephen Weiss wins face-off versus Anze Kopitar in neutral zone.
11:36 of 1st period - Shot by Jeff Skinner.
11:36 of 1st period - Goal by Jeff Skinner - Flames : 2 - Penguins : 3.
11:37 of 1st period - John Tavares wins face-off versus Shawn Horcoff in neutral zone.
12:04 of 1st period - Shot by John Tavares.
12:04 of 1st period - Shot Blocked by Tomas Kopecky.
12:12 of 1st period - Shot by Andrew Ladd.
12:12 of 1st period - Shot Misses the Net.
12:14 of 1st period - Shot by John Tavares.
12:14 of 1st period - Shot Hit the Post.
12:16 of 1st period - Shot by Matt Hunwick.
12:16 of 1st period - Shot Misses the Net.
12:51 of 1st period - Shot by Ryan Getzlaf.
12:51 of 1st period - Shot Misses the Net.
12:53 of 1st period - Shot by Alexander Steen.
12:53 of 1st period - Shot Misses the Net.
12:55 of 1st period - Shot by Alexander Steen.
12:55 of 1st period - Stopped by Jonathan Quick without a rebound.
12:56 of 1st period - Ryan Kesler wins face-off versus Stephen Weiss in Flames zone.
13:02 of 1st period - Icing by Ryan Kesler.
13:03 of 1st period - Ryan Kesler wins face-off versus Stephen Weiss in Flames zone.
13:19 of 1st period - Shot by Brandon Saad.
13:19 of 1st period - Shot Misses the Net.
13:21 of 1st period - Shot by Stephane Robidas.
13:21 of 1st period - Stopped by Jonathan Quick without a rebound.
13:22 of 1st period - Anze Kopitar wins face-off versus Ryan Getzlaf in Flames zone.
13:22 of 1st period - Dustin Brown is hit by Alexander Steen and loses puck.
13:58 of 1st period - Shot by Anze Kopitar.
13:58 of 1st period - Stopped by Marc-Andre Fleury without a rebound.
13:59 of 1st period - John Tavares wins face-off versus Ryan Kesler in Penguins zone.
14:22 of 1st period - Icing by Andrew Ladd.
14:23 of 1st period - Gabriel Landeskog wins face-off versus Shawn Horcoff in Penguins zone.
14:54 of 1st period - Shot by Shawn Horcoff.
14:54 of 1st period - Stopped by Marc-Andre Fleury without a rebound.
14:55 of 1st period - Stephen Weiss wins face-off versus Anze Kopitar in Penguins zone.
15:10 of 1st period - Shot by Brandon Saad.
15:10 of 1st period - Stopped by Jonathan Quick without a rebound.
15:11 of 1st period - Alexander Steen wins face-off versus Ryan Kesler in Flames zone.
15:11 of 1st period - Ryan Getzlaf is hit by Ladislav Smid and loses puck.
15:16 of 1st period - Shot by Ryan Getzlaf.
15:16 of 1st period - Stopped by Jonathan Quick without a rebound.
15:17 of 1st period - Anze Kopitar wins face-off versus Alexander Steen in Flames zone.
15:17 of 1st period - Anze Kopitar is hit by David Perron.
15:31 of 1st period - Jeff Skinner is hit by Kris Letang and loses puck.
15:40 of 1st period - Shot by Jeff Skinner.
15:40 of 1st period - Shot Misses the Net.
15:45 of 1st period - Shot by Jeff Skinner.
15:45 of 1st period - Deflect By Anze Kopitar.
15:45 of 1st period - Shot Misses the Net.
15:47 of 1st period - Shot by Jeff Skinner.
15:47 of 1st period - Shot Misses the Net.
15:49 of 1st period - Shot by Bryce Salvador.
15:49 of 1st period - Stopped by Marc-Andre Fleury without a rebound.
15:50 of 1st period - Ryan Kesler wins face-off versus Stephen Weiss in Penguins zone.
17:11 of 1st period - Shot by Tomas Kopecky.
17:11 of 1st period - Shot Misses the Net.
17:45 of 1st period - Shot by Anze Kopitar.
17:45 of 1st period - Stopped by Marc-Andre Fleury without a rebound.
17:46 of 1st period - Mike Cammalleri wins face-off versus Ryan Getzlaf in Penguins zone.
17:46 of 1st period - Jack Johnson is hit by Barret Jackman and loses puck.
18:01 of 1st period - Icing by Jack Johnson.
18:02 of 1st period - Mike Cammalleri wins face-off versus Stephen Weiss in Flames zone.
18:30 of 1st period - Stephen Weiss is hit by Ladislav Smid and loses puck.
18:35 of 1st period - Shot by David Moss.
18:35 of 1st period - Stopped by Jonathan Quick without a rebound.
18:36 of 1st period - Ryan Kesler wins face-off versus Ryan Getzlaf in Flames zone.
18:44 of 1st period - Ryan Kesler is hit by Barret Jackman and loses puck.
18:46 of 1st period - Minor Penalty to Ryan Kesler for Hooking.
18:47 of 1st period - Tomas Kopecky wins face-off versus Andrew Ladd in Flames zone.
19:04 of 1st period - Shot by Ryan Suter.
19:04 of 1st period - Stopped by Jonathan Quick without a rebound.
19:05 of 1st period - Shawn Horcoff wins face-off versus Ryan Getzlaf in Flames zone.
19:05 of 1st period - Jack Johnson is hit by Ryan Getzlaf and loses puck.
19:16 of 1st period - Shawn Horcoff is hit by Ryan Getzlaf and loses puck.
Goals for this period are 2 for Flames vs 3 for Penguins.
Shots for this period are 9 for Flames vs 14 for Penguins.

2nd period


0:01 of 2nd period - Michael Grabner wins face-off versus John Tavares in neutral zone.
0:01 of 2nd period - Michael Grabner is hit by Andrew Ladd.
0:41 of 2nd period - Shot by Kris Letang.
0:41 of 2nd period - Stopped by Jonathan Quick without a rebound.
0:42 of 2nd period - Ryan Getzlaf wins face-off versus Shawn Horcoff in Flames zone.
0:43 of 2nd period - Shot by Stephane Robidas.
0:43 of 2nd period - Stopped by Jonathan Quick without a rebound.
0:44 of 2nd period - Ryan Getzlaf wins face-off versus Shawn Horcoff in Flames zone.
0:44 of 2nd period - Brendan Gallagher is hit by Ladislav Smid and loses puck.
0:55 of 2nd period - Shot by Brendan Gallagher.
0:55 of 2nd period - Stopped by Jonathan Quick with a rebound.
1:00 of 2nd period - Minor Penalty to Brendan Gallagher for Slashing.
1:01 of 2nd period - Ryan Kesler wins face-off versus Stephen Weiss in Penguins zone.
1:16 of 2nd period - Shot by Toni Lydman.
1:16 of 2nd period - Shot Misses the Net.
1:18 of 2nd period - Shot by Michael Ryder.
1:18 of 2nd period - Shot Misses the Net.
1:20 of 2nd period - Shot by Michael Grabner.
1:20 of 2nd period - Deflect By Michael Ryder.
1:20 of 2nd period - Shot Misses the Net.
4:43 of 2nd period - Shot by Alexander Steen.
4:43 of 2nd period - Shot Misses the Net.
5:00 of 2nd period - Michael Ryder is hit by Kris Letang and loses puck.
5:03 of 2nd period - Shot by Ryan Kesler.
5:03 of 2nd period - Goal by Ryan Kesler - Flames : 3 - Penguins : 3.
5:04 of 2nd period - Stephen Weiss wins face-off versus Dustin Brown in neutral zone.
5:28 of 2nd period - Stephane Robidas is hit by Anze Kopitar and loses puck.
5:47 of 2nd period - Shot by Dustin Brown.
5:47 of 2nd period - Shot Blocked by Brendan Gallagher.
5:49 of 2nd period - Shot by Andrew MacDonald.
5:49 of 2nd period - Shot Blocked by Stephane Robidas.
6:26 of 2nd period - Shot by Michael Ryder.
6:26 of 2nd period - Stopped by Marc-Andre Fleury with a rebound.
6:28 of 2nd period - Shot by Michael Ryder.
6:28 of 2nd period - Stopped by Marc-Andre Fleury without a rebound.
6:29 of 2nd period - Shawn Horcoff wins face-off versus Ryan Getzlaf in Penguins zone.
6:45 of 2nd period - Tomas Kopecky is hit by Kris Letang and loses puck.
7:00 of 2nd period - Shot by Shawn Horcoff.
7:00 of 2nd period - Stopped by Marc-Andre Fleury with a rebound.
7:33 of 2nd period - Anze Kopitar is hit by Ryan Suter and loses puck.
7:42 of 2nd period - Shot by Jeff Skinner.
7:42 of 2nd period - Deflect By Anze Kopitar.
7:42 of 2nd period - Shot Blocked by Ryan Suter.
8:24 of 2nd period - Shot by Michael Grabner.
8:24 of 2nd period - Stopped by Marc-Andre Fleury without a rebound.
8:25 of 2nd period - John Tavares wins face-off versus Mike Cammalleri in Penguins zone.
8:30 of 2nd period - Shot by Andrew Ladd.
8:30 of 2nd period - Shot Misses the Net.
8:53 of 2nd period - Shot by Mike Cammalleri.
8:53 of 2nd period - Stopped by Marc-Andre Fleury without a rebound.
8:54 of 2nd period - Stephen Weiss wins face-off versus Ryan Kesler in Penguins zone.
9:08 of 2nd period - Off-side.
9:09 of 2nd period - Anze Kopitar wins face-off versus John Tavares in neutral zone.
9:11 of 2nd period - Off-side.
9:12 of 2nd period - John Tavares wins face-off versus Ryan Kesler in neutral zone.
10:43 of 2nd period - Shot by Anze Kopitar.
10:43 of 2nd period - Stopped by Marc-Andre Fleury without a rebound.
10:44 of 2nd period - Ryan Getzlaf wins face-off versus Shawn Horcoff in Penguins zone.
11:06 of 2nd period - Icing by Ryan Suter.
11:07 of 2nd period - Ryan Getzlaf wins face-off versus Anze Kopitar in Penguins zone.
11:07 of 2nd period - Ryan Getzlaf is hit by Dustin Brown.
11:23 of 2nd period - Ryan Getzlaf is hit by Dustin Brown and loses puck.
11:54 of 2nd period - Off-side.
11:55 of 2nd period - Stephen Weiss wins face-off versus Ryan Kesler in neutral zone.
12:15 of 2nd period - Shot by Brendan Gallagher.
12:15 of 2nd period - Deflect By Brandon Saad.
12:15 of 2nd period - Stopped by Jonathan Quick without a rebound.
12:16 of 2nd period - John Tavares wins face-off versus Mike Cammalleri in Flames zone.
12:16 of 2nd period - John Tavares is hit by Erik Johnson.
12:51 of 2nd period - Radek Dvorak is hit by Gabriel Landeskog and loses puck.
13:00 of 2nd period - Shot by John Tavares.
13:00 of 2nd period - Stopped by Jonathan Quick without a rebound.
13:01 of 2nd period - Ryan Kesler wins face-off versus Stephen Weiss in Flames zone.
13:14 of 2nd period - Shot by Michael Grabner.
13:14 of 2nd period - Shot Misses the Net.
14:22 of 2nd period - Ryan Suter is hit by Ryan Kesler and loses puck.
14:33 of 2nd period - Shot by David Perron.
14:33 of 2nd period - Shot Misses the Net.
15:54 of 2nd period - Ruslan Fedotenko is hit by Ladislav Smid and loses puck.
16:02 of 2nd period - Off-side.
16:03 of 2nd period - Shawn Horcoff wins face-off versus Ryan Getzlaf in neutral zone.
16:11 of 2nd period - Minor Penalty to Toni Lydman for Holding.
16:12 of 2nd period - Ryan Getzlaf wins face-off versus Tomas Kopecky in Flames zone.
16:48 of 2nd period - Shot by Ryan Getzlaf.
16:48 of 2nd period - Shot Misses the Net.
17:22 of 2nd period - Shot by Stephane Robidas.
17:22 of 2nd period - Stopped by Jonathan Quick without a rebound.
17:23 of 2nd period - Gabriel Landeskog wins face-off versus Tomas Kopecky in Flames zone.
17:30 of 2nd period - Shot by Stephane Robidas.
17:30 of 2nd period - Stopped by Jonathan Quick without a rebound.
17:31 of 2nd period - Shawn Horcoff wins face-off versus John Tavares in Flames zone.
17:44 of 2nd period - Shot by Gabriel Landeskog.
17:44 of 2nd period - Shot Misses the Net.
18:15 of 2nd period - Shot by David Moss.
18:15 of 2nd period - Shot Blocked by Toni Lydman.
18:37 of 2nd period - Shot by Toni Lydman.
18:37 of 2nd period - Goal by Toni Lydman - Flames : 4 - Penguins : 3.
18:38 of 2nd period - Ryan Getzlaf wins face-off versus Pierre-Marc Bouchard in neutral zone.
19:14 of 2nd period - Shot by David Perron.
19:14 of 2nd period - Shot Misses the Net.
19:44 of 2nd period - Shot by John Tavares.
19:44 of 2nd period - Shot Misses the Net.
Goals for this period are 2 for Flames vs 0 for Penguins.
Shots for this period are 8 for Flames vs 7 for Penguins.

3rd period


0:01 of 3rd period - Anze Kopitar wins face-off versus Brendan Gallagher in neutral zone.
0:04 of 3rd period - Shot by Anze Kopitar.
0:04 of 3rd period - Stopped by Marc-Andre Fleury without a rebound.
0:05 of 3rd period - Anze Kopitar wins face-off versus Stephen Weiss in Penguins zone.
0:20 of 3rd period - Shot by Brendan Gallagher.
0:20 of 3rd period - Shot Misses the Net.
1:32 of 3rd period - Shot by John Tavares.
1:32 of 3rd period - Shot Blocked by Jack Johnson.
1:46 of 3rd period - Shot by Michael Ryder.
1:46 of 3rd period - Stopped by Marc-Andre Fleury without a rebound.
1:47 of 3rd period - Ryan Getzlaf wins face-off versus Mike Cammalleri in Penguins zone.
1:47 of 3rd period - Ryan Getzlaf is hit by Sam Gagner.
1:50 of 3rd period - Alexander Steen is hit by Radek Dvorak and loses puck.
2:03 of 3rd period - Icing by Alexander Steen.
2:04 of 3rd period - Ryan Getzlaf wins face-off versus Shawn Horcoff in Penguins zone.
2:19 of 3rd period - Shot by Ryan Getzlaf.
2:19 of 3rd period - Stopped by Jonathan Quick without a rebound.
2:20 of 3rd period - Stephen Weiss wins face-off versus Anze Kopitar in Flames zone.
2:20 of 3rd period - Stephen Weiss is hit by Andrew MacDonald.
2:55 of 3rd period - Victor Hedman is hit by Bryce Salvador and loses puck.
3:22 of 3rd period - Shot by Jack Johnson.
3:22 of 3rd period - Shot Blocked by Victor Hedman.
3:49 of 3rd period - Icing by Alexander Steen.
3:50 of 3rd period - Mike Cammalleri wins face-off versus Ryan Getzlaf in Penguins zone.
3:59 of 3rd period - Shot by Sam Gagner.
3:59 of 3rd period - Shot Blocked by Ryan Suter.
4:15 of 3rd period - Sam Gagner is hit by David Perron and loses puck.
4:31 of 3rd period - Icing by Mike Cammalleri.
4:32 of 3rd period - John Tavares wins face-off versus Mike Cammalleri in Flames zone.
4:41 of 3rd period - Shot by Andrew Ladd.
4:41 of 3rd period - Stopped by Jonathan Quick without a rebound.
4:42 of 3rd period - John Tavares wins face-off versus Anze Kopitar in Flames zone.
4:43 of 3rd period - Shot by Andrew Ladd.
4:43 of 3rd period - Shot Misses the Net.
4:45 of 3rd period - Shot by Barret Jackman.
4:45 of 3rd period - Shot Blocked by Bryce Salvador.
4:47 of 3rd period - Shot by Andrew Ladd.
4:47 of 3rd period - Stopped by Jonathan Quick without a rebound.
4:48 of 3rd period - Anze Kopitar wins face-off versus Andrew Ladd in Flames zone.
4:48 of 3rd period - Anze Kopitar is hit by Gabriel Landeskog.
5:02 of 3rd period - Shot by Dustin Brown.
5:02 of 3rd period - Stopped by Marc-Andre Fleury with a rebound.
5:19 of 3rd period - Jeff Skinner is hit by Stephane Robidas and loses puck.
5:30 of 3rd period - Shot by Anze Kopitar.
5:30 of 3rd period - Shot Blocked by John Tavares.
6:00 of 3rd period - Shot by Michael Grabner.
6:00 of 3rd period - Shot Misses the Net.
6:02 of 3rd period - Shot by Ladislav Smid.
6:02 of 3rd period - Deflect By Michael Ryder.
6:02 of 3rd period - Stopped by Marc-Andre Fleury without a rebound.
6:03 of 3rd period - Ryan Getzlaf wins face-off versus Shawn Horcoff in Penguins zone.
6:10 of 3rd period - Shot by Toni Lydman.
6:10 of 3rd period - Stopped by Marc-Andre Fleury with a rebound.
6:12 of 3rd period - Shot by Erik Johnson.
6:12 of 3rd period - Stopped by Marc-Andre Fleury without a rebound.
6:13 of 3rd period - Ryan Kesler wins face-off versus Brendan Gallagher in Penguins zone.
6:14 of 3rd period - Shot by Michael Ryder.
6:14 of 3rd period - Deflect By Ryan Kesler.
6:14 of 3rd period - Shot Misses the Net.
6:23 of 3rd period - Kris Letang is hit by Michael Ryder.
6:34 of 3rd period - Ryan Kesler is hit by Kris Letang and loses puck.
6:42 of 3rd period - Minor Penalty to Ladislav Smid for Slashing.
6:43 of 3rd period - Ryan Getzlaf wins face-off versus Tomas Kopecky in Flames zone.
6:44 of 3rd period - Shot by Kris Letang.
6:44 of 3rd period - Shot Misses the Net.
9:58 of 3rd period - Shot by Dustin Brown.
9:58 of 3rd period - Shot Misses the Net.
10:07 of 3rd period - Minor Penalty to Dustin Brown for High sticking.
10:08 of 3rd period - John Tavares wins face-off versus Shawn Horcoff in Flames zone.
10:11 of 3rd period - Shot by Ryan Suter.
10:11 of 3rd period - Stopped by Jonathan Quick without a rebound.
10:12 of 3rd period - Shawn Horcoff wins face-off versus John Tavares in Flames zone.
10:23 of 3rd period - Shot by Kris Letang.
10:23 of 3rd period - Stopped by Jonathan Quick without a rebound.
10:24 of 3rd period - John Tavares wins face-off versus Shawn Horcoff in Flames zone.
11:32 of 3rd period - Shot by Ryan Getzlaf.
11:32 of 3rd period - Stopped by Jonathan Quick without a rebound.
11:33 of 3rd period - Alexander Steen wins face-off versus Shawn Horcoff in Flames zone.
12:43 of 3rd period - Matt Hunwick is hit by Mike Cammalleri and loses puck.
12:53 of 3rd period - Icing by Barret Jackman.
12:54 of 3rd period - Ruslan Fedotenko wins face-off versus Anze Kopitar in Penguins zone.
13:13 of 3rd period - Shot by Andrew Ladd.
13:13 of 3rd period - Shot Misses the Net.
13:22 of 3rd period - Icing by Dustin Brown.
13:23 of 3rd period - Anze Kopitar wins face-off versus Ryan Getzlaf in Flames zone.
13:23 of 3rd period - Jeff Skinner is hit by David Perron and loses puck.
13:31 of 3rd period - Ladislav Smid is hit by Ryan Getzlaf and loses puck.
13:39 of 3rd period - Minor Penalty to David Perron for Interference.
13:40 of 3rd period - Ryan Kesler wins face-off versus Stephen Weiss in Penguins zone.
13:41 of 3rd period - Shot by Toni Lydman.
13:41 of 3rd period - Stopped by Marc-Andre Fleury without a rebound.
13:42 of 3rd period - Stephen Weiss wins face-off versus Ryan Kesler in Penguins zone.
13:42 of 3rd period - Stephane Robidas is hit by Ryan Kesler and loses puck.
14:15 of 3rd period - Shot by Toni Lydman.
14:15 of 3rd period - Stopped by Marc-Andre Fleury without a rebound.
14:16 of 3rd period - Stephen Weiss wins face-off versus Jeff Skinner in Penguins zone.
14:41 of 3rd period - Shot by Dustin Brown.
14:41 of 3rd period - Shot Misses the Net.
14:56 of 3rd period - Off-side.
14:57 of 3rd period - Stephen Weiss wins face-off versus Ryan Kesler in neutral zone.
15:52 of 3rd period - Icing by Jack Johnson.
15:53 of 3rd period - Tomas Kopecky wins face-off versus Alexander Steen in Flames zone.
17:08 of 3rd period - Andrew MacDonald is hit by Andrew Ladd and loses puck.
17:13 of 3rd period - Shot by Andrew Ladd.
17:13 of 3rd period - Shot Misses the Net.
17:15 of 3rd period - Shot by John Tavares.
17:15 of 3rd period - Shot Misses the Net.
18:31 of 3rd period - Off-side.
18:32 of 3rd period - Ryan Getzlaf wins face-off versus Shawn Horcoff in neutral zone.
18:59 of 3rd period - Shot by Shawn Horcoff.
18:59 of 3rd period - Shot Misses the Net.
19:01 of 3rd period - Shot by Tomas Kopecky.
19:01 of 3rd period - Shot Misses the Net.
19:41 of 3rd period - Penguins, Marc-Andre Fleury is pulled from the net.
Goals for this period are 0 for Flames vs 0 for Penguins.
Shots for this period are 8 for Flames vs 6 for Penguins.


Output by the SimonT Hockey Simulator (STHS) for Stephane Roy -- Original Page W3C XHTML 1.0 Valid
Hockey Simulator - Hockey Simulation - Hockey Manager